 Dungeon Crawl Stone Soup version 0.31-a0-636-ge1c0e020e0 (webtiles) character file.

Game seed: 18153105238284711922

106850 Midn8 the Devastator (level 15, -4/138 HPs)
             Began as a Red Draconian Venom Mage on Aug 25, 2023.
             Was the Champion of Jiyva.
             Succumbed to a black mamba's poison
             ... on level 3 of the Snake Pit on Aug 26, 2023.
             The game lasted 02:03:51 (34055 turns).

Midn8 the Devastator (Red Draconian Venom Mage)    Turns: 34055, Time: 02:03:52

Health: -4/138     AC: 21    Str: 11    XL:     15   Next: 98%
Magic:  19/31      EV: 13    Int: 28    God:    Jiyva [******]
Gold:   1860       SH:  5    Dex: 12    Spells: 10/38 levels left

rFire   + . .        b - +0 quick blade (freeze)
rCold   + . .        k - +1 buckler
rNeg    . . .        (body armour unavailable)
rPois   .            (helmet restricted)
rElec   .            x - +2 cloak
rCorr   +            y - +2 pair of gloves
SInv    .            B - +1 pair of boots of Zechy {Harm}
Will    ++++.        s - amulet of regeneration
Stlth   ++           Z - +6 ring of intelligence
HPRegen 2.83/turn    D - +4 ring of protection
MPRegen 0.72/turn

%: harm (+30% outgoing, +20% incoming)
@: lethally poisoned (-4 -> -27), short of breath, flying
A: breathe fire, AC +9, unfitting armour, fire resistance 1, cold-blooded, big
wings, talons 2, cold resistance 1, strong-willed 3, sense surroundings 1,
acidic bite, jelly sensing items
a: Breathe Fire, Renounce Religion, Oozemancy, Slimify


You were on level 3 of the Snake Pit.
You worshipped Jiyva.
Jiyva was exalted by your worship.
You visited 5 branches of the dungeon, and saw 28 of its levels.
You also visited: Bailey.

You collected 2676 gold pieces.
You spent 816 gold pieces at shops.

Inventory:

Hand Weapons
 b - a +0 quick blade of freezing (weapon)
 d - a +4 sling
 R - a +0 longbow of freezing
Missiles
 Q - a throwing net
Armour
 k - a +1 buckler (worn)
 x - a +2 cloak (worn)
 y - a +2 pair of gloves (worn)
 B - the +1 pair of boots of Zechy (worn) {Harm}
   (You bought it in a shop on level 6 of the Dungeon)

   Harm:      It increases damage dealt and taken.
 H - a +2 tower shield of reflection
 U - a +1 kite shield of fire resistance
Magical Staves
 M - a staff of earth
Jewellery
 m - a ring of protection from fire
 o - a ring of poison resistance
 s - an amulet of regeneration (around neck)
 w - a ring of flight
 D - a +4 ring of protection (right hand)
 G - a ring of see invisible
 S - a ring of willpower
 T - a +4 ring of protection
 X - a ring of wizardry
 Z - a +6 ring of intelligence (left hand)
Wands
 q - a wand of flame (29)
 u - a wand of roots (27)
 v - a wand of polymorph (3)
 I - a wand of digging (8)
 J - a wand of charming (12)
 Y - a wand of mindburst (5)
Scrolls
 g - 3 scrolls of enchant weapon
 h - 12 scrolls of teleportation
 n - 2 scrolls of revelation
 p - 2 scrolls of fog
 A - 3 scrolls of butterflies
 C - 7 scrolls of identify
 E - a scroll of poison
 F - a scroll of acquirement
 O - a scroll of brand weapon
 P - 2 scrolls of amnesia
 V - 3 scrolls of blinking
Potions
 a - 2 potions of magic
 c - 3 potions of haste
 f - 2 potions of invisibility
 i - 7 potions of resistance
 j - 4 potions of curing
 l - 2 potions of cancellation
 r - 2 potions of berserk rage
 t - 3 potions of might
 z - 2 potions of mutation
 K - 4 potions of enlightenment
 L - 6 potions of brilliance
 W - 2 potions of heal wounds
Miscellaneous
 e - a lightning rod (4/4)
 N - a phial of floods


   Skills:
 - Level 14.0 Fighting
 - Level 5.0 Dodging
 - Level 1.7 Stealth
 - Level 3.0 Shields
 - Level 12.0 Spellcasting
 - Level 18.0 Conjurations
 - Level 4.0 Transmutations
 + Level 9.0 Fire Magic
 - Level 2.0 Air Magic
 - Level 9.0 Poison Magic
 - Level 6.0 Invocations


You had 10 spell levels left.
You knew the following spells:

 Your Spells              Type           Power      Damage    Failure   Level
a - Sting                 Tmut/Pois      100%       1d8       1%          1
c - Mephitic Cloud        Conj/Pois/Air  63%        N/A       1%          3
d - Irradiate             Conj/Tmut      34%        3d23      1%          5
f - Sticky Flame          Conj/Fire      75%        2d9       1%          4
g - Olgreb's Toxic Radia  Pois           61%        N/A       1%          4
r - Orb of Destruction    Conj           43%        9d12      2%          7
v - Poisonous Vapours     Pois/Air       94%        N/A       1%          2
B - Blink                 Tloc           32%        N/A       7%          2

Your spell library contained the following spells:

 Spells                   Type           Power      Damage    Failure   Level
 Magic Dart               Conj           100%       1d8       0%          1
 Searing Ray              Conj           100%       2d8       0%          2
 Scorch                   Fire           100%       2d9       1%          2
 Wereblood                Tmut           39%        N/A       1%          2
 Dazzling Flash           Conj/Hex       100%       N/A       1%          3
 Ignite Poison            Fire/Tmut/Pois 55%        N/A       1%          3
 Stone Arrow              Conj/Erth      100%       3d13      1%          3
 Flame Wave               Conj/Fire      75%        2d17      1%          4
 Fulminant Prism          Conj/Hex       30%        3d16      1%          4
 Arcjolt                  Conj/Air       32%        1d42      1%          5
 Passwall                 Tmut/Erth      23%        N/A       3%          2
 Sandblast                Erth           32%        2d9       4%          1
 Slow                     Hex            64%        N/A       4%          1
 Summon Small Mammal      Summ           64%        N/A       4%          1
 Swiftness                Air            28%        N/A       6%          3
 Call Imp                 Summ           32%        N/A       7%          2
 Ensorcelled Hibernation  Hex/Ice        32%        N/A       7%          2
 Vhi's Electric Charge    Tloc/Air       44%        N/A       9%          3
 Call Canine Familiar     Summ           16%        N/A       14%         3
 Confusing Touch          Hex            16%        N/A       14%         3
 Ozocubu's Armour         Ice            16%        N/A       14%         3
 Portal Projectile        Hex/Tloc       32%        N/A       14%         3
 Summon Guardian Golem    Hex/Summ       16%        N/A       14%         3
 Vampiric Draining        Necr           16%        2d7       14%         3
 Petrify                  Tmut/Erth      28%        N/A       21%         4
 Anguish                  Hex/Necr       8%         N/A       41%         4
 Dispel Undead            Necr           16%        3d10      41%         4
 Leda's Liquefaction      Hex/Erth       8%         N/A       41%         4
 Manifold Assault         Tloc           16%        N/A       41%         4
 Eringya's Noxious Bog    Tmut/Pois      26%        4d6       43%         6
 Plasma Beam              Fire/Air       23%        2x1d35    58%         6
 Silence                  Hex/Air        11%        N/A       63%         5
 Spellforged Servitor     Conj/Summ      30%        N/A       67%         7
 Agony                    Necr           16%        N/A       77%         5
 Metabolic Englaciation   Hex/Ice        8%         N/A       77%         5
 Simulacrum               Ice/Necr       8%         N/A       100%        6
 Summon Cactus Giant      Summ           8%         N/A       100%        6
 Haunt                    Necr/Summ      8%         N/A       100%        7
 Ignition                 Fire           30%        3d10      100%        8
 Death's Door             Necr           8%         N/A       100%        9


Dungeon Overview and Level Annotations

Branches:
Dungeon (15/15)            Temple (0/1) D:5            Lair (5/5) D:10
  Swamp (0/4) Lair:2        Snake (4/4) Lair:3        Slime (0/5) Lair:4
    Orc (2/2) D:12            Elf (2/3) Orc:2        Vaults (0/5) D:14
 Depths (0/4) D:15         Bailey (visited)

Altars:
Dithmenos
Elyvilon
Fedhas
Hepliaklqana
Nemelex Xobeh
Okawaru
Qazlal
Trog
Uskayaw
Vehumet
Wu Jian
Yredelemnul
Jiyva

Shops:
D:6 *!*[=   D:10 **   D:15 ?   Orc:1 [   Orc:2 ([?[

Annotations:
Lair:5 2 transporters, bahustanut's ghost, journeyman MfGl
Orc:1 3 runed translucent doors, Yvaitil's ghost, journeyman DsCK


Innate Abilities, Weirdness & Mutations

You can breathe blasts of fire.
Your fiery red scales are hard. (AC +9)
You cannot fit into any form of body armour.
Your flesh is heat resistant. (rF+)
You are cold-blooded and may be slowed by cold attacks.
Your large and strong wings let you fly.
You have razor-sharp toenails.
Your flesh is cold resistant. (rC+)
You are extremely strong-willed. (Will+++)
You passively map a small area around you.
You have acidic saliva.
You have a small jelly attached to you that senses nearby items.


Message History

You are more poisoned.
The black mamba poisons you! You block the mana viper's attack.
The anaconda bites you but does no damage.
The anaconda constricts you.
The black mamba bites you but does no damage.
The naga ritualist hits you from afar with a +0 halberd of pain.
* * * LOW HITPOINT WARNING * * *
You writhe in agony.
* * * LOW HITPOINT WARNING * * *
Unknown command.
Aiming: Breathe Fire (1% risk of failure)
Press: ? - help, Shift-Dir - straight line, f/p - anaconda
Aim: an anaconda (almost dead, constricting you, very poisoned, 50% to hit)
You breathe a blast of fire.
The fiery breath hits the anaconda!!
You kill the anaconda!
You feel extremely sick.
The black mamba bites you but does no damage.
You block the black mamba's attack.
The mana viper bites you but does no damage.
The black mamba bites you but does no damage.
You block the black mamba's attack. The mana viper barely misses you.
The naga ritualist mumbles some strange prayers to its god.
The naga ritualist begins to radiate toxic energy.
* * * LOW HITPOINT WARNING * * *
You are more poisoned.
Your Fire Magic skill increases to level 9!
Unknown command.
You feel extremely sick.
* * * LOW HITPOINT WARNING * * *
You are more poisoned.
The black mamba bites you!
* * * LOW HITPOINT WARNING * * *
You are lethally poisoned!
The black mamba poisons you! The black mamba completely misses you.
The mana viper barely misses you. You block the black mamba's attack.
The naga ritualist misses you.
The black mamba bites you but does no damage.
You hear a series of splatters.
You fly upwards.
You die...

#...##...## #.....###.###
#...##....###.#.........#
#...##.....##.#.........##
#...##......#.#.####..#.##
#....#......#.#.# #..#...
##...#..........# #..#...
#..........#.### ##..####
#......SS..#.# #.....##
#...#..S@..#.# #......#
#...##.#####.# #.......
#...##.# #.#####.......
##...##.#####.............
#.........................
#........<####...##.......
##.######.# #...##.......
##.#### #.# #...##.......
##.....###.##
#...##.......


You could see a mana viper and 2 black mambas.

Vanquished Creatures
  Rupert (D:14)
  An ettin (D:14)
  The ghost of Moxoehog the Metamorph, a journeyman FeCK of Jiyva (Snake:2)
  Josephine (Lair:4)
  A rakshasa (D:15)
  A merfolk avatar (Lair:5)
  8 hydras
  2 salamander tyrants
  A catoblepas (D:12)
  10 anacondas
  2 centaur warriors
  2 boulder beetles
  5 two-headed ogres
  13 naga warriors
  2 tengu warriors
  7 dancing weapons (Elf:1)
  6 naga sharpshooters
  2 orc high priests (Orc:2)
  5 shock serpents
  3 deep elf knights (Elf:1)
  2 sea snakes (Lair:5)
  A skyshark (Lair:5)
  A deep troll (shapeshifter) (D:15)
  10 salamander mystics
  5 naga ritualists
  Pikel (D:4)
  4 orc knights (Orc:2)
  The ghost of zenocrate the Mimic, a novice OpSh (D:7)
  2 deep elf archers (Elf:1)
  12 deep elf pyromancers
  12 mana vipers
  17 ugly things
  5 cyclopes
  10 deep elf zephyrmancers (Elf:1)
  5 orc sorcerers
  An oklob plant (Lair:1)
  A moth of wrath (Lair:2)
  24 salamanders
  4 elephants
  5 manticores
  14 naga magi
  Maurice (D:8)
  5 guardian serpents
  Jeremiah (D:8)
  30 black mambas
  9 cane toads
  An unseen horror (D:11)
  4 yaktaurs (D:15)
  An efreet (D:15)
  2 kobold demonologists (D:12)
  5 rime drakes (Lair:5)
  9 komodo dragons
  A tengu conjurer (D:15)
  3 trolls
  A troll (shapeshifter) (Elf:1)
  2 wind drakes (Lair:5)
  4 hornets
  2 polar bears (Lair:5)
  5 dream sheep (Lair:3)
  A snapping turtle (Lair:5)
  2 blink frogs (Lair:2)
  2 air elementals (Elf:1)
  2 shadows
  9 wraiths
  5 wyverns
  A hog (shapeshifter) (D:10)
  A vampire (D:10)
  Eustachio (D:4)
  3 steam dragons
  4 basilisks
  3 vampire mosquitoes (D:14)
  35 yaks
  A warg (Orc:1)
  36 nagas
  3 acid dragons
  13 water moccasins
  A swamp drake (Lair:2)
  15 orc warriors
  An ogre (D:4)
  5 wolves
  7 centaurs
  An earth elemental (Elf:1)
  2 kobold brigands
  4 bullfrogs
  3 gnoll sergeants
  2 scorpions (D:6)
  5 wights
  5 howler monkeys
  4 electric eels
  4 hounds
  14 orc priests
  2 gnoll boudas
  2 jellies
  3 iguanas
  12 orc wizards
  Robin (D:2)
  15 gnolls
  6 adders
  An ufetubus (D:5)
  A worm (D:2)
  A dart slug (D:2)
  56 orcs
  10 ball pythons
  6 bats
  6 endoplasms
  A giant cockroach (D:1)
  15 goblins
  12 hobgoblins
  14 jackals
  6 quokkas
  4 frilled lizards
  18 kobolds
  4 rats
  A butterfly (Lair:2)
689 creatures vanquished.

Vanquished Creatures (collateral kills)
  The ghost of Goober42 the Thaumaturge, a journeyman DECj of Dithmenos (Lair:2)
  A catoblepas (Lair:3)
  A boulder beetle (Lair:3)
  A two-headed ogre (D:11)
  A dancing weapon (Elf:1)
  An orc high priest (Orc:2)
  A deep elf knight (Elf:1)
  Sonja (Lair:1)
  A harpy (D:10)
  A deep elf zephyrmancer (Elf:1)
  An orc knight (Bailey)
  A cyclops (Orc:1)
  2 elephants (Lair:1)
  3 cane toads
  An unseen horror (D:12)
  A rime drake (Lair:2)
  3 komodo dragons
  A troll (D:10)
  A blink frog (Lair:2)
  5 dream sheep
  A shadow (D:11)
  22 yaks
  A wraith (Lair:4)
  2 wyverns
  A steam dragon (Lair:1)
  3 water moccasins
  12 orc warriors
  A black bear (D:5)
  2 sky beasts
  2 ogres
  8 wolves
  A phantom (D:6)
  3 bullfrogs
  A kobold brigand (D:9)
  A scorpion (D:5)
  5 wights
  6 howler monkeys
  A centaur zombie (D:7)
  4 hounds
  A gnoll bouda (D:7)
  An orc priest (D:3)
  2 sleepcaps
  3 iguanas
  8 orc wizards
  A killer bee zombie (D:7)
  12 gnolls
  3 adders
  An ufetubus (D:5)
  3 worms
  16 orcs
  4 goblins
  2 hobgoblins
  4 jackals
  A kobold (D:12)
168 creatures vanquished.

Vanquished Creatures (others)
  A dancing weapon (Elf:1)
  A glowing orange brain (D:15)
  A deep elf zephyrmancer (Elf:1)
  A deep elf pyromancer (Elf:1)
  2 ugly things (D:15)
  A manticore (D:13)
  A freezing wraith (D:15)
  A yaktaur (D:15)
  A snapping turtle (shapeshifter) (D:15)
  A water elemental (Elf:1)
  5 slime creatures
  A naga (Snake:2)
  61 jellies
  11 knights
89 creatures vanquished.

Grand Total: 946 creatures vanquished

Notes
Turn   | Place    | Note
-------+----------+-------------------------------------------
     0 | D:1      | Midn8 the Draconian Venom Mage began the quest for the Orb.
     0 | D:1      | Reached XP level 1. HP: 14/14 MP: 3/3
   249 | D:1      | Reached XP level 2. HP: 20/20 MP: 5/5
   763 | D:1      | Reached XP level 3. HP: 26/26 MP: 3/7
   872 | D:1      | Learned a level 2 spell: Poisonous Vapours
  1284 | D:2      | Identified the +2 helmet of Wixigelu {rF+ Slay+6 Stlth+}
  1284 | D:2      | Noticed Robin
  1469 | D:2      | Killed Robin
  1470 | D:2      | Reached XP level 4. HP: 32/33 MP: 1/10
  1556 | D:2      | Reached skill level 1 in Air Magic
  1894 | D:2      | Reached skill level 1 in Fighting
  2199 | D:2      | Reached XP level 5. HP: 41/41 MP: 1/11
  2398 | D:2      | Found a faded altar of an unknown god.
  2403 | D:2      | Prayed at the altar of an unknown god.
  2403 | D:2      | Became a worshipper of Hepliaklqana the Forgotten
  2403 | D:2      | Reached * piety under Hepliaklqana
  3195 | D:3      | Found a blossoming altar of Fedhas.
  3198 | D:3      | Found a stormy altar of Qazlal.
  3487 | D:4      | Reached ** piety under Hepliaklqana
  3488 | D:4      | Remembered your ancestor Wilfreda as a knight
  3548 | D:4      | Noticed Eustachio
  3574 | D:4      | Killed Eustachio
  3575 | D:4      | Reached skill level 5 in Poison Magic
  3575 | D:4      | Reached XP level 6. HP: 38/43 MP: 2/12
  3822 | D:4      | Noticed Pikel
  3923 | D:4      | Learned a level 4 spell: Olgreb's Toxic Radiance
  3924 | D:4      | Your scales start taking on a fiery red colour.
  3924 | D:4      | Reached XP level 7. HP: 49/49 MP: 7/13
  3924 | D:4      | Gained mutation: Your flesh is heat resistant. (rF+) [Red
                  | Draconian growth]
  4049 | D:4      | Killed Pikel
  4160 | D:4      | Reached XP level 8. HP: 54/54 MP: 14/14
  4504 | D:4      | Found an iron altar of Okawaru.
  4505 | D:4      | Found a bloodstained altar of Trog.
  4627 | D:5      | Entered Level 5 of the Dungeon
  4755 | D:5      | Found a staircase to the Ecumenical Temple.
  4876 | D:5      | Found a white marble altar of Elyvilon.
  5461 | D:5      | Reached *** piety under Hepliaklqana
  5707 | D:5      | Reached skill level 5 in Fighting
  5762 | D:5      | Learned a level 3 spell: Mephitic Cloud
  6130 | D:6      | Reached skill level 5 in Spellcasting
  6351 | D:6      | Reached XP level 9. HP: 66/66 MP: 3/18
  6469 | D:6      | Reached skill level 1 in Conjurations
  6490 | D:6      | Found Julegg's Armour Shop.
  6491 | D:6      | Found Ridat's Jewellery Emporium.
  6496 | D:6      | Found Gil Beodi's General Store.
  6500 | D:6      | Found Huoj's General Store.
  6509 | D:6      | Reached skill level 2 in Conjurations
  6525 | D:6      | Found Qoohedall's Distillery.
  6527 | D:6      | Bought a +0 pair of gloves for 45 gold pieces
  6559 | D:6      | Bought the +1 pair of boots of Zechy {Harm} for 214 gold
                  | pieces
  6690 | D:6      | Reached skill level 3 in Conjurations
  7081 | D:7      | Reached skill level 4 in Conjurations
  7375 | D:7      | Reached skill level 5 in Conjurations
  7501 | D:7      | Reached skill level 6 in Conjurations
  8054 | D:7      | Found a runed translucent gate.
  8054 | D:7      | Found a runed translucent gate.
  8054 | D:7      | Found a runed translucent gate.
  8054 | D:7      | Noticed zenocrate's ghost (novice OpSh)
  8056 | D:7      | Found a basalt altar of Yredelemnul.
  8086 | D:7      | Killed zenocrate's ghost
  8087 | D:7      | Reached skill level 1 in Shields
  8087 | D:7      | Reached XP level 10. HP: 79/79 MP: 19/19
  8162 | D:6      | Bought a potion of brilliance for 56 gold pieces
  8162 | D:6      | Bought a potion of brilliance for 56 gold pieces
  8288 | D:8      | Noticed Maurice
  8305 | D:8      | Killed Maurice
  8312 | D:8      | Found a flagged portal.
  8392 | Bailey   | Entered a bailey
  8392 | Bailey   | Reached **** piety under Hepliaklqana
  8527 | Bailey   | Reached skill level 1 in Invocations
  8651 | Bailey   | Found a large runed translucent door.
  8651 | Bailey   | Found a large runed translucent door.
  8652 | Bailey   | Noticed a deep elf pyromancer
  8654 | Bailey   | Noticed an orc knight
  8674 | Bailey   | Killed an orc knight
  8761 | Bailey   | Killed a deep elf pyromancer
  8762 | Bailey   | Reached skill level 5 in Invocations
  9197 | D:8      | Noticed Jeremiah
  9220 | D:8      | Killed Jeremiah
  9654 | D:9      | Found a hide-covered altar of Uskayaw.
  9710 | D:9      | Reached skill level 7 in Conjurations
 10011 | D:9      | Found a sparkling altar of Nemelex Xobeh.
 10238 | D:10     | Entered Level 10 of the Dungeon
 10265 | D:10     | Reached skill level 8 in Conjurations
 10353 | D:10     | Found a radiant altar of Vehumet.
 10670 | D:10     | Found a staircase to the Lair.
 10680 | D:10     | Reached XP level 11. HP: 71/84 MP: 13/20
 10724 | D:10     | Learned a level 7 spell: Orb of Destruction
 10771 | D:10     | Reached skill level 9 in Conjurations
 10959 | D:10     | Found Asuihir's Specific Store.
 10960 | D:10     | Found Felumud's General Store.
 10973 | D:10     | Bought a scroll of amnesia for 52 gold pieces
 11142 | D:10     | Found an ornate altar of the Wu Jian Council.
 11210 | D:10     | Reached skill level 10 in Conjurations
 11323 | D:10     | Reached ***** piety under Hepliaklqana
 11486 | D:10     | Noticed a harpy
 11496 | D:10     | Killed a harpy
 11846 | D:11     | Reached skill level 11 in Conjurations
 11898 | D:11     | Noticed a boulder beetle
 11906 | D:11     | Killed a boulder beetle
 11976 | D:11     | Noticed a two-headed ogre
 11984 | D:11     | Killed a two-headed ogre
 12145 | D:11     | Noticed a purple ugly thing
 12160 | D:11     | Killed a purple ugly thing
 12278 | D:11     | Reached skill level 12 in Conjurations
 12309 | D:11     | Noticed a two-headed ogre
 12322 | D:11     | Killed a two-headed ogre
 12554 | D:11     | Identified the +1 leather armour "Vuathiqinn" {*Corrode
                  | MP+9 SInv}
 12613 | D:12     | Noticed a two-headed ogre
 12618 | D:12     | Killed a two-headed ogre
 12619 | D:12     | Reached skill level 13 in Conjurations
 12706 | D:12     | Reached XP level 12. HP: 90/90 MP: 8/21
 13181 | D:12     | Noticed a catoblepas
 13196 | D:12     | Killed a catoblepas
 13515 | D:12     | Found a staircase to the Orcish Mines.
 13602 | D:12     | Reached skill level 14 in Conjurations
 13840 | Orc:1    | Entered Level 1 of the Orcish Mines
 14059 | Orc:1    | Found a runed translucent gate.
 14059 | Orc:1    | Noticed Yvaitil's ghost (journeyman DsCK)
 14060 | Orc:1    | Found a runed translucent gate.
 14060 | Orc:1    | Identified the +2 robe "Avoip" {+Blink Fly rElec Slay-5}
 14061 | Orc:1    | Found a runed translucent gate.
 14061 | Orc:1    | Noticed a tengu warrior
 14167 | Orc:1    | Found Icripery's Antique Armour Shop.
 14545 | Orc:1    | Found an iron altar of Okawaru.
 14559 | Orc:2    | Entered Level 2 of the Orcish Mines
 14777 | Orc:2    | Reached skill level 15 in Conjurations
 15131 | Orc:2    | Noticed an orc high priest
 15132 | Orc:2    | Noticed an orc high priest
 15132 | Orc:2    | Noticed an orc high priest
 15152 | Orc:2    | Killed an orc high priest
 15280 | Orc:2    | Killed an orc high priest
 15283 | Orc:2    | Killed an orc high priest
 15434 | Orc:2    | Reached skill level 16 in Conjurations
 15599 | Orc:2    | Found a staircase to the Elven Halls.
 16166 | Orc:2    | Found Videniyss's Antique Armour Emporium.
 16166 | Orc:2    | Found Larreydu's Weapon Boutique.
 16168 | Orc:2    | Found Lirixt's Magic Scroll Emporium.
 16168 | Orc:2    | Found Refferch's Armour Boutique.
 16176 | Orc:2    | Bought a scroll of fear for 68 gold pieces
 16176 | Orc:2    | Bought a scroll of blinking for 127 gold pieces
 16176 | Orc:2    | Bought a scroll of teleportation for 51 gold pieces
 16346 | Lair:1   | Entered Level 1 of the Lair of Beasts
 16492 | D:10     | Reached XP level 13. HP: 96/96 MP: 19/24
 16838 | Lair:1   | Noticed Sonja
 16845 | Lair:1   | Killed Sonja
 17098 | Lair:1   | Got the Atlas of the Shift
 17683 | Lair:2   | Reached skill level 17 in Conjurations
 17742 | Lair:2   | Identified the amulet "Sigem" {Faith Fly}
 18467 | Lair:2   | Found a staircase to the Swamp.
 18578 | Lair:2   | Found a transporter.
 18600 | Lair:2   | Reached ****** piety under Hepliaklqana
 18779 | Lair:2   | Found a transporter.
 19147 | Lair:2   | Noticed Goober42's ghost (journeyman DECj)
 19320 | Lair:2   | Killed Goober42's ghost
 19365 | Lair:2   | Identified the +0 pair of gloves of the Marlin {rN+ rCorr}
 20021 | Lair:3   | Reached skill level 10 in Spellcasting
 20472 | Lair:3   | Found a staircase to the Snake Pit.
 20556 | Lair:3   | Reached XP level 14. HP: 103/103 MP: 5/28
 20898 | Lair:4   | You fall into a shaft and drop 1 floor!
 20898 | Lair:5   | Entered Level 5 of the Lair of Beasts
 21302 | Lair:4   | Identified a scroll of acquirement
 21320 | Lair:4   | Reached skill level 5 in Dodging
 21913 | Lair:4   | Noticed Josephine
 21922 | Lair:4   | Killed Josephine
 21928 | Lair:4   | Reached skill level 10 in Fighting
 22221 | Lair:4   | Found a staircase to the Slime Pits.
 22222 | Lair:4   | Found a viscous altar of Jiyva.
 22243 | Lair:4   | Fell from the grace of Hepliaklqana
 22243 | Lair:4   | Became a worshipper of Jiyva Jaesa the Shapeless
 23323 | Lair:5   | Reached * piety under Jiyva
 23343 | Lair:5   | Got the Parchment of Gloom
 23374 | Lair:5   | Found a transporter.
 23378 | Lair:5   | Found a transporter.
 23378 | Lair:5   | Noticed bahustanut's ghost (journeyman MfGl)
 23486 | Lair:5   | Reached ** piety under Jiyva
 24822 | D:13     | Reached *** piety under Jiyva
 24947 | D:13     | Gained mutation: You are covered in slimy tendrils that may
                  | disarm your opponents. [Jiyva's grace]
 24947 | D:13     | Gained mutation: You have sharp toenails. [Jiyva's grace]
 24947 | D:13     | Gained mutation: You have razor-sharp toenails. [Jiyva's
                  | grace]
 24947 | D:13     | Gained mutation: You have claws for feet. [Jiyva's grace]
 25236 | D:14     | Found a gate to the Vaults.
 25261 | D:14     | Noticed Rupert
 25266 | D:14     | Paralysed by Rupert for 5 turns
 25272 | D:14     | Killed Rupert
 25440 | D:14     | Reached **** piety under Jiyva
 25444 | D:14     | Identified the +4 dagger of Pisa Oce {flame, rPois rF+}
 25766 | D:14     | Found a hazy altar of Hepliaklqana.
 26014 | D:15     | Entered Level 15 of the Dungeon
 26134 | D:15     | Found Isiuphiv's Magic Scroll Shop.
 26137 | D:15     | Bought a scroll of blinking for 105 gold pieces
 26137 | D:15     | Bought a scroll of teleportation for 42 gold pieces
 26418 | D:15     | Found a stormy altar of Qazlal.
 26769 | D:15     | Reached ***** piety under Jiyva
 26934 | D:15     | Lost mutation: You have claws for feet. [Jiyva's grace]
 26934 | D:15     | Gained mutation: You are strong-willed. (Will+) [Jiyva's
                  | grace]
 26934 | D:15     | Gained mutation: You are highly strong-willed. (Will++)
                  | [Jiyva's grace]
 26934 | D:15     | Gained mutation: You are extremely strong-willed. (Will+++)
                  | [Jiyva's grace]
 26934 | D:15     | Gained mutation: You passively map a small area around you.
                  | [Jiyva's grace]
 27147 | D:15     | Found a staircase to the Depths.
 27214 | D:15     | Upgraded the game from 0.31-a0-632-g766dd24fdf to
                  | 0.31-a0-636-ge1c0e020e0
 27411 | Elf:1    | Entered Level 1 of the Elven Halls
 27496 | Elf:1    | Learned a level 4 spell: Sticky Flame
 27618 | Elf:1    | Noticed an azure jelly
 27620 | Elf:1    | an azure jelly changed into an alligator snapping turtle
 27621 | Elf:1    | an alligator snapping turtle changed into a shadow dragon
 27621 | Elf:1    | Noticed a shadow dragon (glowing shapeshifter)
 27625 | Elf:1    | a shadow dragon changed into an eleionoma
 27626 | Elf:1    | an eleionoma changed into a shadow dragon
 27626 | Elf:1    | Noticed a shadow dragon (glowing shapeshifter)
 27627 | Elf:1    | a shadow dragon changed into a sphinx
 27627 | Elf:1    | Noticed a sphinx (glowing shapeshifter)
 27632 | Elf:1    | Noticed an azure jelly
 28458 | Elf:1    | Was placed under penance by Jiyva
 28671 | Elf:1    | Gained mutation: You occasionally lose the ability to drink
                  | potions when taking damage. [the all-consuming vengeance of
                  | Jiyva]
 28899 | Elf:2    | Noticed a deep elf sorcerer
 29134 | Snake:1  | Entered Level 1 of the Snake Pit
 30072 | Snake:1  | Was forgiven by Hepliaklqana
 30400 | Snake:1  | Was forgiven by Jiyva
 31004 | Snake:1  | Found a shadowy altar of Dithmenos.
 31213 | Snake:2  | Learned a level 5 spell: Irradiate
 31385 | Snake:2  | Reached XP level 15. HP: 130/130 MP: 21/31
 31521 | Snake:2  | Found a runed translucent door.
 31524 | Snake:2  | Noticed Moxoehog's ghost (journeyman FeCK)
 31648 | Snake:2  | Killed Moxoehog's ghost
 32487 | Snake:3  | Lost mutation: You are covered in slimy tendrils that may
                  | disarm your opponents. [Jiyva's grace]
 32487 | Snake:3  | Lost mutation: You occasionally lose the ability to drink
                  | potions when taking damage. [Jiyva's grace]
 32487 | Snake:3  | Gained mutation: Your large and strong wings let you fly.
                  | [Jiyva's grace]
 32487 | Snake:3  | Gained mutation: You have acidic saliva. [Jiyva's grace]
 32487 | Snake:3  | Gained mutation: You have a small jelly attached to you
                  | that senses nearby items. [Jiyva's grace]
 32487 | Snake:3  | Gained mutation: Your flesh is cold resistant. (rC+)
                  | [Jiyva's grace]
 32863 | Snake:3  | Reached skill level 18 in Conjurations
 32866 | Snake:3  | Reached skill level 1 in Fire Magic
 33171 | Snake:3  | Reached skill level 5 in Fire Magic
 33333 | Snake:3  | Reached ****** piety under Jiyva
 33661 | Snake:3  | Learned a level 2 spell: Blink
 33662 | Snake:4  | Entered Level 4 of the Snake Pit
 33664 | Snake:4  | Identified the +3 halberd of Twilight {drain, Str+4 Int+4}
 34055 | Snake:3  | Succumbed to a black mamba's poison

Illustrated notes

Levels and vault maps discovered:
D:1:      dpeg_arrival_another_circle, layout_basic
D:2:      kennysheep_big_flooded_room, layout_loops_cross,
          basic_ecumenical_altar, minmay_octomino_c4, uniq_robin
D:3:      layout_loops_ring, grunt_temple_overflow_forces_of_nature
D:4:      layout_gridville, gammafunk_temple_overflow_pools, serial_rivers,
          chequers_serial_rivers_small_3, chequers_serial_rivers_small_b,
          chequers_serial_rivers_micro_c, chequers_serial_rivers_small_b,
          chequers_serial_rivers_small_3, uniq_pikel, uniq_eustachio
D:5:      layout_basic, overflow_temple_1_default,
          minmay_temple_entry_offerings, grunt_tough_drop
D:6:      layout_basic, serial_shops, shop, serial_glass, glass_columns_b,
          glass_columns_c, glass_columns_b, glass_columns_a, glass_columns_a,
          glass_columns_a, glass_columns_a, glass_columns_b,
          ebering_dispersal_statue_hall, minmay_shop_grid_forest
D:7:      layout_cave_pools, nicolae_yredelemnul_ghost_church, st_stairs_12,
          nicolae_figureground_sparkle
D:8:      layout_gridville, enter_bailey_2, uniq_maurice, uniq_jeremiah
D:9:      layout_rooms, nemelex_spade_bored_becter,
          nicolae_uskayaw_murder_on_the_dancefloor
D:10:     layout_rooms, mainiacjoe_overflow_chevrons,
          nicolae_wu_jian_immortal_techniques, erik_lair_island,
          nicolae_specific_store, minmay_three_doors
D:11:     layout_big_octagon, minmay_joined_circles
D:12:     layout_long_grid, david_orc_1_choice
D:13:     layout_loops_corners
D:14:     layout_basic, hellmonk_vaults_attempted_burglary,
          nzn_hepliaklqana_mist_gate, uniq_rupert
D:15:     gammafunk_enter_depths_forms, layout_stronghold, serial_shops,
          nicolae_shop_rolled_up, grunt_qazlal_clouds
Lair:1:   layout_misc_corridors, lemuel_fruit_fields, uniq_sonja
Lair:2:   layout_concentric_octagons, minmay_swamp_entry_reptiles,
          gammafunk_ghost_berserking_beasts, lemuel_fruit_fields
Lair:3:   layout_chaotic_city, dummy_snake_entry, infiniplex_staircase_pool_2,
          grunt_megastairs_2
Lair:4:   layout_concentric_octagons, slime_entry_1, uniq_josephine
Lair:5:   gammafunk_lair_ancient_temple, layout_regular_city,
          gammafunk_ghost_hive, chequers_serial_rivers_large_a,
          serial_bayou_shore_a
Snake:1:  cheibrodos_snake_lava_hold, layout_basic, basic_altar
Snake:2:  layout_gridlike, ebering_ghost_reflecting_pool
Snake:3:  layout_gridlike
Snake:4:  grunt_snake_rune_spirals, layout_onion, grunt_ministairs_12,
          serial_bayou_shore_b
Orc:1:    layout_diamond_mine, gammafunk_ghost_fury_of_okawaru, serial_shops,
          nicolae_shop_hallway_stairs, nicolae_orc_crystal_geode
Orc:2:    grunt_orc_tribal_feast, layout_caves
Elf:1:    minmay_elf_arrival_summoners, layout_loops_cross, evilmike_minifort,
          drop_trap
Elf:2:    nicolae_elf_blades_crystal_corner, layout_onion_city, serial_shops,
          nicolae_shop_competitors_out_of_business, minmay_shop_grove

Skill      XL: |  1  2  3  4  5  6  7  8  9 10 11 12 13 14 15 |
---------------+----------------------------------------------+-----
Spellcasting   | 3 4 6 7 10 12 | 12.0
Air Magic      | 2 |  2.0
Fighting       | 1 2 5 8 11 14 | 14.0
Poison Magic   | 5 6 8 9 |  9.0
Conjurations   | 6 8 13 16 17 18 | 18.0
Shields        | 1 3 |  3.0
Invocations    | 6 |  6.0
Dodging        | 3 5 |  5.0
Transmutations | 4 |  4.0
Fire Magic     | 9 |  9.0
Stealth        | |  1.7

Action                     |  1- 3 |  4- 6 |  7- 9 | 10-12 | 13-15 || total
---------------------------+-------+-------+-------+-------+-------++-------
  Melee: Long sword        |     2 |       |       |       |       ||     2
         Quick blade       |       |       |       |       |    59 ||    59
         Tailslap          |       |       |       |       |    13 ||    13
         Bite              |       |       |       |       |     4 ||     4
   Fire: Sling             |    56 |   132 |   167 |   140 |    95 ||   590
   Cast: Sting             |    67 |    31 |     6 |    10 |     2 ||   116
         Poisonous Vapours |     4 |    50 |     7 |    20 |     2 ||    83
         Olgreb's Toxic Ra |       |       |    41 |   156 |   175 ||   372
         Mephitic Cloud    |       |       |     1 |     1 |     2 ||     4
         Orb of Destructio |       |       |       |       |   335 ||   335
         Sticky Flame      |       |       |       |       |     6 ||     6
         Irradiate         |       |       |       |       |     5 ||     5
         Blink             |       |       |       |       |     2 ||     2
 Invoke: Ancestor Life: Kn |       |     1 |       |       |       ||     1
         Ancestor Identity |       |     1 |       |       |       ||     1
         Transference      |       |       |       |     1 |       ||     1
         Recall Ancestor   |       |       |       |     3 |     3 ||     6
         Idealise          |       |       |       |     1 |       ||     1
Ability: Breathe Fire      |       |       |    11 |    34 |    75 ||   120
  Evoke: Wand              |       |       |       |       |     2 ||     2
    Use: Scroll            |     2 |     4 |     6 |     8 |    14 ||    34
         Potion            |       |       |       |       |     2 ||     2
   Stab: Confused          |       |       |       |       |     1 ||     1
 Armour: Skin              |    29 |    31 |    18 |    58 |   206 ||   342
  Dodge: Dodged            |    60 |    66 |    15 |    47 |   220 ||   408
  Block: Buckler           |       |    11 |     5 |    22 |    84 ||   122

Table legend: (Time is in decaauts)
 A = Elapsed time spent in this place.
 B = Non-inter-level travel time spent in this place.
 C = Inter-level travel time spent in this place.
 D = Time resting spent in this place.
 E = Time spent auto-exploring this place.
 F = Levels seen in this place.
 G = Mean time per level.
                   A        B        C        D        E       F      G
               +--------+--------+--------+--------+--------+-----+--------+
         Total |  34438 |  32623 |   1815 |  12443 |  12073 |  29 | 1187.5 |
       Dungeon |  17360 |  16305 |   1055 |   5319 |   7569 |  15 | 1157.3 |
          Lair |   7900 |   7505 |    395 |   3608 |   2518 |   5 | 1580.0 |
     Snake Pit |   4821 |   4708 |    113 |   1834 |    962 |   4 | 1205.2 |
  Orcish Mines |   2440 |   2277 |    163 |   1091 |    805 |   2 | 1220.0 |
   Elven Halls |   1470 |   1382 |     88 |    387 |    218 |   2 |  735.0 |
        Bailey |    445 |    445 |      0 |    204 |      0 |   1 |  445.0 |
               +--------+--------+--------+--------+--------+-----+--------+

Top non-repeatable levels by time:
 Snake:1: 2050 daAuts
  Lair:2: 1889 daAuts
  Lair:5: 1749 daAuts
  Lair:4: 1625 daAuts
    D:10: 1548 daAuts
    D:12: 1546 daAuts
   Orc:2: 1510 daAuts
   Elf:1: 1462 daAuts
  Lair:3: 1444 daAuts
     D:5: 1440 daAuts
     D:1: 1353 daAuts
 Snake:3: 1280 daAuts
     D:2: 1249 daAuts
     D:7: 1223 daAuts
    D:15: 1211 daAuts
